 Dungeon Crawl Stone Soup version 0.29-a0-284-gf9362112df (webtiles) character file.

Game seed: 864715021245528601

150 Bapho the Conjurer (level 5, -10/32 HPs)
             Began as an Octopode Hedge Wizard on Mar 9, 2022.
             Mangled by a gnoll
             ... wielding a +0 halberd
              (15 damage)
             ... on level 3 of the Dungeon on Mar 15, 2022.
             The game lasted 00:05:54 (3127 turns).

Bapho the Conjurer (Octopode Hedge Wizard)          Turns: 3127, Time: 00:05:54

Health: -10/32     AC:  1    Str: 10    XL:     5   Next: 32%
Magic:  4/9        EV: 13    Int: 18    God:
Gold:   153        SH:  0    Dex: 11    Spells: 4/10 levels left

rFire   . . .      SeeInvis .   f - +2 hand axe (venom)
rCold   . . .      Faith    .   (no shield)
rNeg    . . .      Spirit   .   b - +0 hat
rPois   .          Reflect  .   (no amulet)
rElec   .          Harm     .   (no ring)
rCorr   .          Rampage  .   (no ring)
Will    .....                   (no ring)
Stlth   +++.......              (no ring)
HPRegen 0.10/turn               (no ring)
MPRegen 0.11/turn               (no ring)
                                (no ring)
                                (no ring)

@: no status effects
A: almost no armour, amphibious, 8 rings, camouflage 1, gelatinous body 1,
(nimble swimmer 1), tentacles
a: no special abilities


You were on level 3 of the Dungeon.
You visited 1 branch of the dungeon, and saw 4 of its levels.

You collected 153 gold pieces.

Inventory:

Hand Weapons
 a - a +0 dagger
 f - a +2 hand axe of venom (weapon)
Armour
 b - a +0 hat (worn)
Magical Staves
 l - a staff of conjuration
Wands
 h - a wand of mindburst (9)
Scrolls
 d - 5 scrolls of identify
 k - a scroll of magic mapping
Potions
 c - 2 potions of magic
 e - a potion of invisibility
 g - a potion of degeneration {unknown}
 i - a potion of lignification
 j - a potion of flight


   Skills:
 + Level 0.8 Fighting
 + Level 2.0 Axes
 - Level 2.0 Dodging
 - Level 2.6 Stealth
 - Level 3.0 Spellcasting
 + Level 4.2 Conjurations
 - Level 1.0 Summonings
 - Level 1.0 Translocations


You had 4 spell levels left.
You knew the following spells:

 Your Spells              Type           Power      Damage    Failure   Level
a - Magic Dart            Conj           68%        1d6       3%          1
b - Slow                  Hex            8%         N/A       16%         1
c - Blink                 Tloc           12%        N/A       16%         2
d - Call Imp              Summ           6%         N/A       16%         2

Your spell library contained the following spells:

 Spells                   Type           Power      Damage    Failure   Level
 Conjure Flame            Conj/Fire      10%        6-21      21%         3
 Mephitic Cloud           Conj/Pois/Air  7%         N/A       28%         3


Dungeon Overview and Level Annotations

Branches:
Dungeon (4/15)
 Temple: D:4-7

Altars:


Innate Abilities, Weirdness & Mutations

You cannot wear most types of armour.
You are amphibious.
You can wear up to eight rings at the same time.
Your skin changes colour to match your surroundings (Stealth+).
Your rubbery body absorbs attacks. (AC +1, EV +1)
((You are camouflaged when in or above water. (Stealth+)))
You have tentacles for arms and can constrict up to eight enemies at once.


Message History

You feel stable enough to blink again.
The gnoll hits your white imp but does no damage.
Your white imp gestures at the gnoll.
The puff of frost hits the gnoll!
The gnoll dies!
Your Axes skill increases to level 2!
The magic dart hits the gnoll.
The gnoll is lightly wounded.
Your white imp hits the gnoll.
Your white imp freezes the gnoll.
You are too depleted to draw on your mana recklessly!
There are monsters nearby!
There are monsters nearby!
Casting: Magic Dart (safe; 3% risk of failure)
Confirm with . or Enter, or press ? or * to list all spells.
You don't have enough magic to cast this spell.
Unknown command.
Casting: Magic Dart (safe; 3% risk of failure)
Confirm with . or Enter, or press ? or * to list all spells.
You don't have enough magic to cast this spell.
Unknown command.
The gnoll hits your white imp with a +0 halberd!
Your white imp dies!
Your white imp disappears in a puff of smoke!
You hit the gnoll.
The gnoll is poisoned.
You grab the gnoll. You squeeze the gnoll!
You kill the gnoll!
There is an open door here.
You see here an adder skeleton.
You hear the hiss of a very distant avalanche of sand.
There is a stone staircase leading up here.
The gnoll hits you with a +0 halberd!
There is a stone staircase leading up, spattered with blood here.
The gnoll hits you with a +0 halberd!
* * * LOW HITPOINT WARNING * * *
You climb upwards.
There is a stone staircase leading down here.
You slash the gnoll!
The gnoll is poisoned.
Your grab misses the gnoll.
The gnoll is heavily wounded.
The gnoll hits you with a +0 halberd!
You die...

...# #......# ##### ...#
############......# #....
.).#####...#.....##......#
#.###
#.#....#.#.#.###.##......# #.#
# #.#......#.#.# #.##......#
#.# #
#.#..#...#.#.###.........# #.#
# #.#..)#..#...#...##......#
#.# #
#.#......#..##.#g#...##### #.#
............(...@#.##########.#
#.....#.##.###.###............#
#..#.[...#.# #.#....###########
#..#..#..#.###.#.##.#
...#.....#.....#.##.#
.............###.##.#
..##.........'...##.# ######
...#.##...<..######.###....#
#..#.#.....##(...........#.#


You could see a gnoll (very poisoned).

Vanquished Creatures
  A hound (D:4)
  An iguana (D:4)
  A gnoll (D:4)
  2 adders
  3 worms (D:2)
  2 dart slugs (D:1)
  2 ball pythons
  4 endoplasms
  3 giant cockroaches
  2 goblins
  5 hobgoblins
  2 kobolds
  5 bats
  2 frilled lizards
  7 rats
42 creatures vanquished.

Vanquished Creatures (collateral kills)
  2 gnolls
2 creatures vanquished.

Grand Total: 44 creatures vanquished

Notes
Turn   | Place    | Note
-------+----------+-------------------------------------------
     0 | D:1      | Bapho the Octopode Hedge Wizard began the quest for the
                  | Orb.
     0 | D:1      | Reached XP level 1. HP: 11/11 MP: 4/4
   301 | D:1      | Reached skill level 2 in Conjurations
   301 | D:1      | Reached XP level 2. HP: 17/17 MP: 0/6
   615 | D:1      | Learned a level 1 spell: Slow
   618 | D:1      | Learned a level 2 spell: Blink
   621 | D:1      | Learned a level 2 spell: Call Imp
   851 | D:1      | Reached XP level 3. HP: 21/21 MP: 7/7
  1326 | D:2      | Reached skill level 3 in Conjurations
  1434 | D:2      | Found a faded altar of an unknown god.
  2119 | D:3      | Reached XP level 4. HP: 27/27 MP: 4/8
  2173 | D:3      | Upgraded the game from 0.29-a0-275-g389c0b56f3 to
                  | 0.29-a0-284-gf9362112df
  2175 | D:3      | Reached skill level 1 in Axes
  2924 | D:4      | Reached skill level 4 in Conjurations
  2924 | D:4      | Reached XP level 5. HP: 16/32 MP: 3/9
  3127 | D:3      | Mangled by a gnoll

Illustrated notes

Levels and vault maps discovered:
D:1:      eino_arrival_cavern_e, layout_basic, supply_closet_lemuel
D:2:      layout_rooms, shapermc_ecumenical_altar_totnotflames,
          corexii_item_surrounded_by_moat
D:3:      layout_basic
D:4:      layout_basic, nicolae_ossuary_entry_monument

Skill      XL: |  1  2  3  4  5 |
---------------+----------------+-----
Conjurations   | 2 3 4 |  4.2
Axes           | 1 2 |  2.0
Fighting       | |  0.8
Dodging        | |  2.0
Stealth        | |  2.6
Spellcasting   | |  3.0
Summonings     | |  1.0
Translocations | |  1.0

Action                   |  1- 3 |  4- 6 || total
-------------------------+-------+-------++-------
Melee: Hand axe          |    13 |     8 ||    21
       Constrict         |     4 |     4 ||     8
       Tentacles         |       |     2 ||     2
 Cast: Magic Dart        |    70 |    32 ||   102
       Call Imp          |     1 |     2 ||     3
       Blink             |       |     1 ||     1
  Use: Scroll            |     4 |       ||     4
Dodge: Dodged            |     6 |    10 ||    16

Table legend: (Time is in decaauts)
 A = Elapsed time spent in this place.
 B = Non-inter-level travel time spent in this place.
 C = Inter-level travel time spent in this place.
 D = Time resting spent in this place.
 E = Time spent auto-exploring this place.
 F = Levels seen in this place.
 G = Mean time per level.
                   A        B        C        D        E       F      G
               +--------+--------+--------+--------+--------+-----+--------+
         Total |   3131 |   3020 |    111 |      0 |   2697 |   4 |  782.8 |
       Dungeon |   3131 |   3020 |    111 |      0 |   2697 |   4 |  782.8 |
               +--------+--------+--------+--------+--------+-----+--------+

Top non-repeatable levels by time:
     D:1: 1321 daAuts
     D:2: 767 daAuts
     D:3: 726 daAuts
     D:4: 316 daAuts
